 Dungeon Crawl Stone Soup version 0.31.0-11-ge490571c62 (webtiles) character file.

Game seed: 6984617626099102628

83 qw the Shooter (level 4, 0/22 HPs)
             Began as a Spriggan Hunter on Feb 4, 2024.
             Succumbed to their own poison gas
             ... on level 2 of the Dungeon.
             The game lasted 00:00:05 (1593 turns).

qw the Shooter (Spriggan Hunter)                    Turns: 1593, Time: 00:00:06

Health: 0/22       AC:  2    Str: 13    XL:     4   Next: 22%
Magic:  1/1        EV: 19    Int: 14    God:
Gold:   110        SH:  0    Dex: 20    Spells: 3/3 levels left

rFire   . . .        b - +2 arbalest "Syergh" {antimagic, rElec Will- Int+4 Stlth+}
rCold   . . .        (shield currently unavailable)
rNeg    . . .        c - +0 robe
rPois   .            (helmet restricted)
rElec   +            (no cloak)
rCorr   .            (gloves unavailable)
SInv    +            (boots unavailable)
Will    .....        (no amulet)
Stlth   +++          i - +6 ring of strength
HPRegen 0.23/turn    (no ring)
MPRegen 0.07/turn

%: no passive effects
@: mighty, lethally poisoned (0 -> -2), very quick
A: very small, no large weapons, unfitting armour, see invisible, speed 3
a: no special abilities


You were on level 2 of the Dungeon.
You visited 1 branch of the dungeon, and saw 2 of its levels.

You collected 110 gold pieces.


Innate Abilities, Weirdness & Mutations

You are very small and have problems with some larger weapons.
You are too small for most types of armour.
You have supernaturally acute eyesight. (SInv)
You cover ground extremely quickly. (Speed+++)


   Skills:
 - Level 1.5 Fighting
 - Level 5.0 Ranged Weapons
 + Level 4.4 Dodging
 - Level 1.5 Stealth


You had 3 spell levels left.
You didn't know any spells.
Your spell library was empty.

Inventory:

Hand Weapons
 b - the +2 arbalest "Syergh" (weapon) {antimagic, rElec Will- Int+4 Stlth+}
   (You acquired it on level 2 of the Dungeon)

   Int+4:     It affects your intelligence (+4).
   rElec:     It insulates you from electricity.
   Will-:     It decreases your willpower.
   Stlth+:    It makes you more stealthy.
Armour
 c - a +0 robe (worn)
Jewellery
 i - a +6 ring of strength (left hand)
Potions
 d - a potion of might
 g - a potion of curing {unknown}
 l - a potion of degeneration {unknown}
 m - a potion of magic {unknown}

Dungeon Overview and Level Annotations

Branches:
Dungeon (2/15)

Altars:

Shops:
D:1 [


Message History

Done exploring.
1582 ||| DROPPING potion of lignification.
You drop a potion of lignification.
Done exploring.
1583 ||| DROPPING 2 scrolls of revelation.
You drop 2 scrolls of revelation.
Done exploring.
What level of the Dungeon? (default 2, ? - help) Sorry, I don't know how to get there.
Enter note:
Enter note:
Enter note:
Enter note:
Enter note:
Enter note:
Enter note:
Enter note:
Enter note: You are engulfed in poison gas.
You are poisoned.
You feel very sick.
1585 ||| Stepping ~*~*~tactically~*~*~ (cloud).
You feel sick.
Things that are here:
2 scrolls of revelation; a potion of lignification; a +0 heavy shortbow
There is a lethal amount of poison in your body!
You feel very sick.
There is a lethal amount of poison in your body!
You feel sick.
There is a lethal amount of poison in your body!
You feel sick.
There is a lethal amount of poison in your body!
You feel sick.
There is a lethal amount of poison in your body!
You feel sick.
There is a lethal amount of poison in your body!
You feel sick.
There is a lethal amount of poison in your body!
You feel sick.
There is a lethal amount of poison in your body!
You die...

...# ### ##..........#.#
...##########..###.###..%#
#.............##.....##..#
###########.#.#..#.#..#..#
##.#...#.#.#....#
##0#.#..#.#..#..#
##...##.....##.##
###0..###.###..#
###0...@...00[##
####..0.#######
###############
###############
###############
###############
###############
###############


There were no monsters in sight!

Vanquished Creatures
  2 adders (D:2)
  3 ribbon worms (D:2)
  3 dart slugs
  5 ball pythons
  9 bats
  5 endoplasms
  A giant cockroach (D:1)
  4 goblins
  A hobgoblin (D:1)
  2 jackals (D:1)
  2 kobolds (D:1)
  5 quokkas
  5 frilled lizards
  2 rats (D:1)
49 creatures vanquished.

Notes
Turn   | Place    | Note
-------+----------+-------------------------------------------
     0 | D:1      | qw the Spriggan Hunter began the quest for the Orb.
     0 | D:1      | Reached XP level 1. HP: 10/10 MP: 2/2
     0 | D:1      | 0 ||| qw: Version: 0.3-a-160-g6735b56
     0 | D:1      | 0 ||| qw: Game counter: 5040
     0 | D:1      | 0 ||| qw: Melee chars always use a shield: true
     0 | D:1      | 0 ||| qw: God list: Okawaru
     0 | D:1      | 0 ||| qw: Allow faded altars: false
     0 | D:1      | 0 ||| qw: Do Orc after clearing Dungeon:15 true
     0 | D:1      | 0 ||| qw: Do second Lair branch before Depths: true
     0 | D:1      | 0 ||| qw: Lair rune preference: random
     0 | D:1      | 0 ||| qw: Goals: Normal
     0 | D:1      | 0 ||| PLANNING D:1-11
    43 | D:1      | Reached skill level 3 in Dodging
   122 | D:1      | HP: 2/10 [ball python (1)]
   178 | D:1      | Reached XP level 2. HP: 14/14 MP: 3/3
   487 | D:1      | Found Ustejina's Armour Emporium.
   489 | D:1      | Reached XP level 3. HP: 18/18 MP: 4/4
   610 | D:1      | 610 ||| SHOPLISTING scarf of resistance (320 gold, have
                  | 70).
   695 | D:1      | 695 ||| READING scroll labelled ICAMMEARUKH.
   796 | D:1      | 796 ||| READING scroll labelled VUSTRI GAPN.
   796 | D:1      | 796 ||| BRANDING +0 shortbow.
   797 | D:1      | 797 ||| READING scroll labelled YKHLAH HAKHER.
   797 | D:1      | 797 ||| ENCHANTING +0 heavy shortbow.
   798 | D:1      | 798 ||| READING scroll labelled EPSEOSKAYM.
   799 | D:1      | 799 ||| DROPPING scroll of butterflies.
  1254 | D:2      | Reached skill level 5 in Ranged Weapons
  1311 | D:2      | Reached XP level 4. HP: 15/22 MP: 5/5
  1471 | D:2      | 1471 ||| UPGRADING to +6 ring of strength.
  1472 | D:2      | 1472 ||| READING scroll labelled PIFUDO KEAPHES.
  1473 | D:2      | 1473 ||| READING scroll labelled OJUEDGHOUSOR.
  1574 | D:2      | 1574 ||| READING 3 scrolls labelled CAALIR FEQAG.
  1575 | D:2      | 1575 ||| READING scroll labelled DOICERGH KEFA.
  1576 | D:2      | 1576 ||| READING scroll labelled USIDURCHYASI.
  1576 | D:2      | Identified a scroll of acquirement
  1576 | D:2      | 1576 ||| ACQUIRING +2 arbalest "Syergh" {antimagic, rElec
                  | Will- Int+4 Stlth+}
  1576 | D:2      | Acquired the +2 arbalest "Syergh" {antimagic, rElec Will-
                  | Int+4 Stlth+}
  1578 | D:2      | 1578 ||| SWAPPING to +2 arbalest "Syergh" {antimagic, rElec
                  | Will- Int+4 Stlth+}.
  1579 | D:2      | 1579 ||| DROPPING +0 heavy shortbow.
  1580 | D:2      | 1580 ||| READING scroll labelled TIFFITZOTH.
  1580 | D:2      | 1580 ||| IDENTIFYING fuming emerald potion
  1581 | D:2      | 1581 ||| DRINKING 2 inky potions.
  1582 | D:2      | 1582 ||| DROPPING potion of lignification.
  1583 | D:2      | 1583 ||| DROPPING 2 scrolls of revelation.
  1585 | D:2      | 1585 ||| Stepping ~*~*~tactically~*~*~ (cloud).
  1588 | D:2      | HP: 5/22 [poisoned by you (poison gas)]
  1591 | D:2      | HP: 2/22 [poisoned by you (poison gas)]
  1593 | D:2      | Succumbed to their own poison gas

Levels and vault maps discovered:
D:1:      dpeg_arrival_rhombus, layout_basic, serial_shops,
          nicolae_shop_window_shopping, minmay_misc_feat_columns, st_stairs_3
D:2:      layout_rooms, minmay_liquid_box, minmay_box_of_dots

Skill      XL: |  1  2  3 |
---------------+----------+-----
Dodging        | 3 4 |  4.4
Ranged Weapons | 5 |  5.0
Fighting       | |  1.5
Stealth        | |  1.5

Action                     |  1- 3 |  4- 6 || total
---------------------------+-------+-------++-------
   Fire: Shortbow          |   128 |    18 ||   146
    Use: Scroll            |     4 |     6 ||    10
         Potion            |       |     1 ||     1
 Armour: Robe              |    26 |     3 ||    29
  Dodge: Dodged            |    89 |    15 ||   104

Table legend:
 A = Non-vault XP
 B = Vault XP
 C = Vault XP percentage of total XP
 D = Non-vault monster count
 E = Vault monster count
 F = Vault count percentage of total count
                 A         B        C        D         E       F
            +---------+---------+-------+---------+---------+-------
      Total |     112 |       7 |   5.9 |      45 |       4 |   8.2
            +---------+---------+-------+---------+---------+-------
        D:1 |      48 |       3 |   5.9 |      27 |       2 |   6.9
        D:2 |      64 |       4 |   5.9 |      18 |       2 |  10.0
            +---------+---------+-------+---------+---------+-------
